 Dungeon Crawl Stone Soup version 0.19.0-2-gae57169 (webtiles) character file.

261 Monsterracer the Chopper (level 6, -2/56 HPs)
             Began as a Hill Orc Fighter on Nov 6, 2016.
             Killed by nerve-wracking pain
             ... invoked by a shadow imp
             ... summoned by Eustachio
              (5 damage)
             ... on level 4 of the Dungeon.
             The game lasted 00:07:48 (1356 turns).

Monsterracer the Chopper (Hill Orc Fighter)         Turns: 1356, Time: 00:07:49

Health: -2/56      AC: 12    Str: 19      XL:     6   Next: 18%
Magic:  6/6        EV:  5    Int:  8      God:
Gold:   84         SH:  9    Dex: 11 (12) Spells: 0 memorised, 5 levels left

rFire  . . .     SeeInvis .     a - +0 war axe
rCold  . . .     Gourm    .     m - +1 chain mail {rN+}
rNeg   + . .     Faith    .     c - +0 shield
rPois  .         Spirit   .     (no helmet)
rElec  .         Reflect  .     k - +1 cloak
rCorr  .         Harm     .     (no gloves)
MR     .....                    (no boots)
Stlth  ..........               (no amulet)
                                (no ring)
                                (no ring)

@: no status effects
A: no striking features
a: no special abilities


You were on level 4 of the Dungeon.
You were very hungry.

You visited 1 branch of the dungeon, and saw 4 of its levels.
You also visited: Sewer.

You collected 84 gold pieces.

Inventory:

Hand Weapons
 a - a +0 war axe (weapon)
Armour
 c - a +0 shield (worn)
 k - a +1 cloak (worn)
 m - a +1 chain mail of positive energy (worn)
Scrolls
 e - 5 scrolls of remove curse {unknown}
 g - a scroll of amnesia {unknown}
 i - a scroll of blinking {unknown}
 j - 3 scrolls of enchant weapon {unknown}
 l - 2 scrolls of identify {unknown}
Potions
 d - a potion of might
 n - 2 potions of flight
 o - a potion of curing
Comestibles
 b - 2 beef jerkies
 f - 2 bread rations


   Skills:
 + Level 5.0 Fighting
 * Level 5.4 Axes
 + Level 4.2 Armour
 + Level 4.3 Shields


You had 5 spell levels left.
You didn't know any spells.

Dungeon Overview and Level Annotations

Branches:
Dungeon (4/15)
 Temple: D:4-7

Altars:

Annotations:
D:4 Eustachio


Message History

Pain shoots through your body!
* * * LOW HITPOINT WARNING * * *
The river rat bites you but does no damage.
The ufetubus hits you but does no damage.
You block the ufetubus's attack.
Your chain mail prevents you from hitting the rat.
You miss the ufetubus. You hit the river rat.
Your shield and chain mail prevent you from hitting the river rat.
You hit the shadow imp. You block the ufetubus's attack.
The ufetubus hits you but does no damage.
The rat bites you but does no damage.
The shadow imp lashes its tail.
The shadow imp hits you but does no damage.
The river rat barely misses you. The river rat bites you.
* * * LOW HITPOINT WARNING * * *
You block the rat's attack.
The ufetubus hits you but does no damage. x2
The shadow imp gestures at you. Pain shoots through your body!
You die...

..####..#
#.#####..#
.........#
.........#
..####.## .
#.# #.#
##..####.#
......5@r#
#.....rr5...#
#.#.###..##.#
.. #.(# # .
#..# #.)#
...# #.##


You could see 2 river rats, a shadow imp, an ufetubus and a rat.

Vanquished Creatures
  A big kobold (Sewer)
  A wyvern skeleton (D:4)
  A hound (D:4)
  Jessica (D:3)
  2 adders (D:4)
  3 river rats (Sewer)
  A dart slug (D:1)
  2 ball pythons (D:2)
  A giant cockroach (D:2)
  3 goblins (D:1)
  A hobgoblin (D:1)
  4 jackals
  A quokka (D:2)
  7 bats
  2 frilled lizards
  6 kobolds
  10 rats
47 creatures vanquished.

Notes
Turn   | Place    | Note
-------+----------+-------------------------------------------
     0 | D:1      | Monsterracer the Hill Orc Fighter began the quest for the Orb.
     0 | D:1      | Reached XP level 1. HP: 19/19 MP: 1/1
   252 | D:1      | Reached XP level 2. HP: 27/27 MP: 2/2
   683 | D:2      | Reached XP level 3. HP: 33/33 MP: 3/3
   757 | D:3      | Noticed Jessica
   763 | D:3      | Killed Jessica
   822 | D:4      | Found a glowing drain.
   831 | D:4      | Reached XP level 4. HP: 40/40 MP: 4/4
   866 | Sewer    | Entered a sewer
  1115 | Sewer    | Noticed a big kobold
  1141 | Sewer    | Killed a big kobold
  1141 | Sewer    | Reached skill level 5 in Axes
  1141 | Sewer    | Reached XP level 5. HP: 37/47 MP: 5/5
  1144 | Sewer    | Reached skill level 5 in Fighting
  1162 | Sewer    | Found a white marble altar of Elyvilon.
  1320 | D:4      | Noticed Eustachio
  1326 | D:4      | Reached XP level 6. HP: 13/56 MP: 6/6
  1356 | D:4      | Killed from afar by a shadow imp

Skill      XL: |  1  2  3  4  5 |
---------------+----------------+-----
Axes           | 3 4 5 |  5.4
Fighting       | 4 5 |  5.0
Armour         | 4 |  4.2
Shields        | 4 |  4.3

Action                   |  1- 3 |  4- 6 || total
-------------------------+-------+-------++-------
Melee: War axe           |   115 |    95 ||   210
  Use: Potion            |     3 |     3 ||     6
  Eat: Chunk             |       |     1 ||     1
Armor: Scale mail        |    31 |       ||    31
       Chain mail        |    52 |   123 ||   175
Dodge: Dodged            |    34 |    43 ||    77
Block: Shield            |    79 |    80 ||   159
